[Event "January 9 Late 2024"]
[Site "https://www.chess.com"]
[Date "2024.01.09"]
[Round "7"]
[White "Nilsen, Tobias Lang"]
[Black "Abdi, Farzad"]
[Result "1-0"]
[Board "132"]
[TimeControl "180+1"]
[WhiteFideId "1521624"]
[BlackFideId "2076829"]
[WhiteElo "2463"]
[BlackElo "2227"]
[WhiteTeam "NOR"]
[BlackTeam "USA"]
[WhiteClock "0:01:17"]
[BlackClock "0:00:17"]

1. e4 e5 2. Nf3 Nc6 3. Bc4 Bc5 4. c3 Nf6 5. d3 d6 6. O-O Be6 7. Bxe6 fxe6 8. b4 Bb6 9. Qb3 Qd7 10. a4 a5 11. b5 Nd8 12. Na3 Nf7 13. Nc4 Bc5 14. d4 exd4 15. cxd4 Bb4 16. e5 Nd5 17. Ne3 Nxe3 18. Bxe3 d5 19. Rac1 O-O 20. Rc2 Rfc8 21. Rfc1 c6 22. bxc6 Rxc6 23. Rxc6 bxc6 24. Bd2 Be7 25. Qb6 c5 26. dxc5 Qxa4 27. Qxe6 1-0

[Event "January 9 Late 2024"]
[Site "https://www.chess.com"]
[Date "2024.01.10"]
[Round "7"]
[White "Heberla, Bartlomiej"]
[Black "Korol, Dimitry"]
[Result "1-0"]
[Board "133"]
[TimeControl "180+1"]
[WhiteFideId "1115120"]
[BlackFideId "14108003"]
[WhiteElo "2665"]
[BlackElo "2337"]
[WhiteTeam "POL"]
[BlackTeam "UKR"]
[WhiteClock "0:00:03"]
[BlackClock "0:00:00"]

1. e4 c5 2. Nc3 g6 3. d4 cxd4 4. Qxd4 Nf6 5. Bb5 a6 6. e5 axb5 7. exf6 Nc6 8. Qh4 b4 9. Nce2 exf6 10. Nf3 Bg7 11. O-O O-O 12. Bh6 d5 13. Bxg7 Kxg7 14. Rfd1 Be6 15. Nfd4 Qd6 16. Nf4 Rfe8 17. Qg3 Qe5 18. c3 bxc3 19. bxc3 Qg5 20. Qf3 Ne5 21. Qe3 Nc4 22. Nfxe6+ fxe6 23. Nxe6+ Kg8 24. Qxg5 fxg5 25. Nc7 Nb6 26. Rab1 Na4 27. Nxe8 Nxc3 28. Nf6+ Kf7 29. Nxd5 Nxd1 30. Rxd1 Rxa2 31. h3 Rb2 32. Ne3 h6 33. Rd7+ 1-0

[Event "January 9 Late 2024"]
[Site "https://www.chess.com"]
[Date "2024.01.10"]
[Round "7"]
[White "Jazdanovs, Aleksandrs"]
[Black "Lund, Gunnar"]
[Result "1/2-1/2"]
[Board "134"]
[TimeControl "180+1"]
[WhiteFideId "11604492"]
[BlackFideId "1520814"]
[WhiteElo "2324"]
[BlackElo "2643"]
[WhiteTeam "LAT"]
[BlackTeam "NOR"]
[WhiteClock "0:00:31"]
[BlackClock "0:01:00"]

1. e4 a6 2. d4 h6 3. Nc3 e6 4. Nf3 d6 5. Be3 Nc6 6. a4 Bd7 7. Bc4 e5 8. dxe5 Nxe5 9. Nxe5 dxe5 10. O-O Nf6 11. Qd3 Bd6 12. Rad1 O-O 13. Nd5 Nxd5 14. Bxd5 Qc8 15. Qb3 Be6 16. Bxe6 Qxe6 17. Qxe6 fxe6 18. b3 Kf7 19. Rd3 Ke7 20. Rfd1 Rfd8 21. Bc1 Bc5 22. Bb2 Rxd3 23. Rxd3 Bd6 24. f3 b5 25. Kf1 bxa4 26. bxa4 Rb8 27. Rb3 c6 28. Ke2 Kd7 29. Kd3 Rxb3+ 30. cxb3 c5 31. Kc4 Kc6 32. Ba3 g6 33. g4 h5 34. h3 Be7 35. Bb2 Bd6 36. Bc3 Bc7 37. Bd2 Bd6 38. Bh6 Kb6 39. Bg7 Kc6 40. Bf6 Kb6 41. Bg7 Kc6 42. Bh6 Kb6 43. Bc1 Kc6 44. Ba3 Be7 45. b4 cxb4 46. Bxb4 Bd8 47. Bf8 Bb6 48. Bg7 Bd4 49. f4 hxg4 50. hxg4 Bb2 51. f5 exf5 52. exf5 gxf5 53. gxf5 Kd6 54. Bf8+ Kd7 55. Kd5 Ba1 56. Bg7 Bc3 57. Bxe5 Bd2 58. f6 Bg5 59. Bd4 Bxf6 60. Bxf6 Kc7 1/2-1/2

[Event "January 9 Late 2024"]
[Site "https://www.chess.com"]
[Date "2024.01.09"]
[Round "7"]
[White "Yang, Kevin"]
[Black "Ardila, Oscar Humberto"]
[Result "1-0"]
[Board "135"]
[TimeControl "180+1"]
[WhiteFideId "30908485"]
[BlackFideId "4404742"]
[WhiteElo "2597"]
[BlackElo "2314"]
[WhiteTeam "USA"]
[BlackTeam "COL"]
[WhiteClock "0:00:09"]
[BlackClock "0:00:00"]

1. d4 Nf6 2. Nc3 d5 3. Bf4 c6 4. e3 e6 5. g4 Bd6 6. g5 Ne4 7. Nxe4 dxe4 8. Bxd6 Qxd6 9. c3 O-O 10. Bg2 Qd5 11. Qg4 Qb5 12. O-O-O e5 13. Qh4 exd4 14. Bxe4 g6 15. Rxd4 Bf5 16. Nf3 Na6 17. Bxf5 Qxf5 18. Rf4 Qd5 19. Qh6 f5 20. gxf6 Rf7 21. Ng5 Qxh1+ 22. Kc2 Rd8 23. Rd4 Rxd4 24. cxd4 Qd5 25. Nxf7 Qxf7 26. Qf4 Nc7 27. e4 Ne6 28. Qe5 Nf8 29. Qd6 Qe6 30. Qxe6+ Nxe6 31. Kd3 Kf7 32. e5 Nf4+ 33. Ke4 Nd5 34. f4 Ke6 35. h4 b6 36. h5 Nc7 37. hxg6 hxg6 38. Kf3 c5 39. dxc5 bxc5 40. Kg4 Nd5 41. Kg5 Kf7 42. f5 gxf5 43. Kxf5 Nc7 44. Ke4 Ke6 45. Kf4 a5 46. Ke4 Ne8 47. Kd3 Nc7 48. Kc4 Kxe5 49. f7 Ne6 50. f8=Q Nxf8 51. Kxc5 Ke6 52. Kb5 Nd7 53. Kxa5 Kd5 54. Kb5 Kd4 55. Kc6 Ke5 56. Kxd7 Kd4 57. Kc6 Kc4 58. b3+ Kb4 59. Kb6 Ka3 60. Kc5 Kxa2 61. b4 1-0

[Event "January 9 Late 2024"]
[Site "https://www.chess.com"]
[Date "2024.01.09"]
[Round "7"]
[White "Kozin, Yuri"]
[Black "Sultanbek, Zeinep"]
[Result "1-0"]
[Board "136"]
[TimeControl "180+1"]
[WhiteFideId "4129920"]
[BlackFideId "13710419"]
[WhiteElo "2596"]
[BlackElo "2306"]
[WhiteTeam "RUS"]
[BlackTeam "KAZ"]
[WhiteClock "0:00:17"]
[BlackClock "0:00:01"]

1. e4 c5 2. Nf3 d6 3. d4 cxd4 4. Nxd4 Nf6 5. Nc3 Nc6 6. Bc4 Qb6 7. Nb3 Qb4 8. Bd3 Bg4 9. f3 Be6 10. Be3 d5 11. a3 Qd6 12. Bc5 Qd8 13. Qe2 dxe4 14. Nxe4 Bxb3 15. cxb3 Nxe4 16. Bxe4 e6 17. Qb5 Qc7 18. Rc1 Bxc5 19. Qxc5 Rc8 20. b4 Qe7 21. b5 Qxc5 22. Rxc5 Ne7 23. Rxc8+ Nxc8 24. Bxb7 Nd6 25. Bc6+ Ke7 26. Ke2 Rc8 27. Kd2 a6 28. a4 axb5 29. Bxb5 Nxb5 30. axb5 Rb8 31. Ra1 Rxb5 32. Ra7+ Kf6 33. Kc2 h5 34. b3 h4 35. Kc3 h3 36. Ra2 hxg2 37. Rxg2 Rf5 38. Rg3 g5 39. b4 Rf4 40. b5 Rh4 41. h3 Kf5 42. b6 f6 43. b7 Rh8 44. Rg4 Rb8 45. Rb4 e5 46. Kb3 Kg6 47. Ka4 f5 48. Ka5 e4 49. fxe4 f4 50. Ka6 f3 51. Rb3 f2 52. Rf3 1-0

[Event "January 9 Late 2024"]
[Site "https://www.chess.com"]
[Date "2024.01.09"]
[Round "7"]
[White "Hajiyev, Kanan"]
[Black "Skaric, Djuro"]
[Result "1-0"]
[Board "137"]
[TimeControl "180+1"]
[WhiteFideId "13404148"]
[BlackFideId "934569"]
[WhiteElo "2538"]
[BlackElo "2306"]
[WhiteTeam "AZE"]
[BlackTeam "SRB"]
[WhiteClock "0:02:17"]
[BlackClock "0:00:00"]

1. d4 d6 2. Nf3 g6 3. g3 Bg7 4. Bg2 Nf6 5. O-O O-O 6. b3 Nc6 7. Bb2 e5 8. dxe5 Ng4 9. c4 Ngxe5 10. Nc3 h6 11. Qc2 Bf5 12. Qd2 Bd7 13. Rad1 Nxf3+ 14. exf3 a6 15. Nd5 Bxb2 16. Qxb2 f5 17. Rfe1 Rf7 18. h4 h5 19. f4 a5 20. Re3 Nb4 21. Rde1 c6 22. Nc3 Qf6 23. a3 Na6 24. Qd2 Nc5 25. b4 axb4 26. axb4 Nb3 27. Qd1 Na1 28. b5 Kg7 29. Rd3 Ra3 30. Ne2 Rxd3 31. Qxd3 Re7 32. Rd1 cxb5 33. cxb5 Be6 34. Nd4 1-0

[Event "January 9 Late 2024"]
[Site "https://www.chess.com"]
[Date "2024.01.10"]
[Round "7"]
[White "Coca Cubillos, Jesus Alberto"]
[Black "Kargosha, Bahman"]
[Result "1-0"]
[Board "138"]
[TimeControl "180+1"]
[WhiteFideId "4462912"]
[BlackFideId "12503452"]
[WhiteElo "2519"]
[BlackElo "2302"]
[WhiteTeam "COL"]
[BlackTeam "AUS"]
[WhiteClock "0:02:09"]
[BlackClock "0:00:00"]

1. f4 d5 2. Nf3 c5 3. e3 Nc6 4. d4 Nf6 5. c3 Bf5 6. Bd3 e6 7. O-O Bd6 8. Ne5 c4 9. Bc2 Bxc2 10. Qxc2 Ne4 11. Nd2 Nxd2 12. Bxd2 f5 13. b3 Bxe5 14. fxe5 b5 15. a4 a6 16. axb5 axb5 17. Rxa8 Qxa8 18. g4 fxg4 19. bxc4 bxc4 20. Qd1 h5 21. Qb1 Ne7 22. Be1 Nf5 23. Qb5+ Kf7 24. e4 dxe4 25. Qd7+ Kf8 26. Qxe6 g6 27. Qxg6 1-0

[Event "January 9 Late 2024"]
[Site "https://www.chess.com"]
[Date "2024.01.10"]
[Round "7"]
[White "Haack, Kevin"]
[Black "Soderstrom, Adrian"]
[Result "0-1"]
[Board "139"]
[TimeControl "180+1"]
[WhiteFideId "16228715"]
[BlackFideId "1745786"]
[WhiteElo "2297"]
[BlackElo "2499"]
[WhiteTeam "GER"]
[BlackTeam "SWE"]
[WhiteClock "0:00:03"]
[BlackClock "0:00:26"]

1. e4 e6 2. d4 d5 3. e5 c5 4. c3 Nc6 5. Nf3 Qb6 6. Bd3 Nh6 7. O-O cxd4 8. Re1 Nf5 9. Bxf5 exf5 10. cxd4 h6 11. Nc3 Be6 12. Qd3 Be7 13. a3 g5 14. b4 g4 15. Nd2 Qxd4 16. Qc2 Rc8 17. Bb2 Qb6 18. Qd3 d4 19. Na4 Qd8 20. Rac1 Bg5 21. Nc5 b6 22. Nb7 Qe7 23. Nd6+ Kd7 24. b5 Nxe5 25. Qxd4 Qxd6 26. Qxd6+ Kxd6 27. Bxe5+ Kd7 28. Bxh8 Rxh8 29. Nc4 Bxc1 30. Rxc1 Ke7 31. Ne5 Kf6 32. Nc6 Rc8 33. Rd1 a5 34. Rd6 f4 35. f3 h5 36. Kf2 Kg5 37. Ke2 Bc4+ 38. Kd2 Bxb5 39. Rd5+ f5 40. Na7 Bc4 41. Rd6 Rc5 42. Nc6 Rd5+ 43. Rxd5 Bxd5 44. Ne7 Bb7 45. Ke2 h4 46. Kf2 g3+ 47. Kg1 Kf6 48. Ng8+ Ke5 49. Ne7 b5 50. hxg3 fxg3 51. Kf1 Kf6 52. Ng8+ Kg5 53. Ne7 b4 54. axb4 axb4 55. Ke2 b3 56. Kd2 Bxf3 57. gxf3 g2 58. f4+ Kxf4 59. Nd5+ Kg3 60. Nc3 g1=Q 61. Ne2+ Kf2 62. Nxg1 Kxg1 63. Kc3 h3 64. Kxb3 h2 65. Kc3 h1=Q 0-1

[Event "January 9 Late 2024"]
[Site "https://www.chess.com"]
[Date "2024.01.09"]
[Round "7"]
[White "Kostiukov, Alexandr"]
[Black "Uz, Kagan"]
[Result "1/2-1/2"]
[Board "140"]
[TimeControl "180+1"]
[WhiteFideId "14108100"]
[BlackFideId "30986680"]
[WhiteElo "2296"]
[BlackElo "2492"]
[WhiteTeam "UKR"]
[BlackTeam "USA"]
[WhiteClock "0:00:09"]
[BlackClock "0:00:08"]

1. g3 e5 2. c4 Nf6 3. Bg2 Nc6 4. Nc3 Bc5 5. e3 h5 6. h4 d6 7. Nd5 Nxd5 8. cxd5 Nb4 9. d4 exd4 10. exd4 Bf5 11. dxc5 Nc2+ 12. Kf1 Nxa1 13. cxd6 O-O 14. dxc7 Qxc7 15. Ne2 Rfe8 16. Kg1 Rxe2 17. Qxe2 Nc2 18. Bf4 Qb6 19. Kh2 Nd4 20. Qxh5 Bg6 21. Qe5 Qxb2 22. Rd1 Nf3+ 23. Bxf3 Qxf2+ 24. Bg2 Qxa2 25. Rd2 Qa5 26. d6 Qd8 27. d7 f6 28. Qe6+ Bf7 29. Qd6 a5 30. Bd5 b5 31. Bxf7+ Kxf7 32. Qd5+ Kg6 33. Qxa8 Qxa8 34. d8=Q Qxd8 35. Rxd8 b4 36. Ra8 b3 37. Rxa5 b2 38. Rb5 b1=Q 39. Rxb1 Kf5 40. Rb5+ Kg4 41. h5 Kf3 42. Kh3 f5 43. Kh4 Kg2 44. Kg5 Kh3 45. Kg6 Kg4 46. Kxg7 Kh3 47. h6 Kg4 48. h7 Kh3 49. Rxf5 Kg4 50. Rg5+ Kf3 51. h8=Q Ke4 52. Qe8+ Kf3 53. Bc7 Kg2 54. Kh6 Kh3 55. Rh5+ Kg2 56. g4 Kf3 57. g5 Kg4 58. Qf8 1/2-1/2

[Event "January 9 Late 2024"]
[Site "https://www.chess.com"]
[Date "2024.01.09"]
[Round "7"]
[White "Eggleston, Thomas A"]
[Black "Mizzi, Jack"]
[Result "0-1"]
[Board "141"]
[TimeControl "180+1"]
[WhiteFideId "412139"]
[BlackFideId "5602521"]
[WhiteElo "2261"]
[BlackElo "2487"]
[WhiteTeam "ENG"]
[BlackTeam "MLT"]
[WhiteClock "0:00:02"]
[BlackClock "0:00:03"]

1. e4 c6 2. d4 d5 3. e5 Bf5 4. Nd2 e6 5. Nb3 Nd7 6. Bd3 Ne7 7. Ne2 Bxd3 8. Qxd3 a5 9. a4 Qc7 10. O-O c5 11. c4 cxd4 12. cxd5 Nxe5 13. Qb5+ Qd7 14. dxe6 fxe6 15. Nbxd4 Qxb5 16. axb5 Kf7 17. Nf4 b6 18. Ndxe6 h6 19. Nc7 Rc8 20. Nfe6 Nf5 21. f4 Nd3 22. g4 Nh4 23. Be3 Nc5 24. Nxf8 Rxc7 25. f5 Rxf8 26. Rad1 Re7 27. Bf2 Nf3+ 28. Kg2 Ne5 29. Rd6 Nxg4 30. Bg1 Nd7 31. Rfd1 Nge5 32. R6d5 Rc8 33. Bd4 Rc2+ 34. Kh3 Nf3 35. Bg1 Ng5+ 36. Kg4 Nf6+ 37. Kg3 Nxd5 38. Rxd5 Rxb2 39. Rd6 Rxb5 40. Rc6 Rxf5 41. Bd4 Rf3+ 42. Kg2 Re2+ 43. Kg1 Nh3+ 44. Kh1 Rf1+ 45. Bg1 Rxg1# 0-1

[Event "January 9 Late 2024"]
[Site "https://www.chess.com"]
[Date "2024.01.09"]
[Round "7"]
[White "D`Arruda, Ricardo D."]
[Black "Harish, Neeraj"]
[Result "1/2-1/2"]
[Board "142"]
[TimeControl "180+1"]
[WhiteFideId "100692"]
[BlackFideId "30958130"]
[WhiteElo "2464"]
[BlackElo "2255"]
[WhiteTeam "ARG"]
[BlackTeam "USA"]
[WhiteClock "0:01:00"]
[BlackClock "0:00:42"]

1. d4 d5 2. Nf3 Nf6 3. c4 e6 4. e3 Be7 5. Nc3 O-O 6. Bd3 b6 7. O-O Bb7 8. Qe2 Nbd7 9. e4 dxe4 10. Nxe4 Nxe4 11. Bxe4 Bxe4 12. Qxe4 Nf6 13. Qe2 c5 14. Rd1 Qc7 15. b3 cxd4 16. Nxd4 Rfd8 17. Bb2 Rd7 18. h3 Rad8 19. Nb5 Qb7 20. Rxd7 Qxd7 21. Re1 Bb4 22. Bc3 Bxc3 23. Nxc3 Qd2 24. Qxd2 Rxd2 25. Re2 Rd3 26. Rc2 Kf8 27. Kf1 Ke7 28. Ke2 Rd7 29. Rd2 Rxd2+ 30. Kxd2 Kd7 31. Ke3 Kc6 32. Kd4 Nd7 33. f4 f6 34. g4 a6 35. Ne4 b5 36. cxb5+ axb5 37. a3 Nb6 38. g5 Nd5 39. gxf6 gxf6 40. h4 Nxf4 41. Nxf6 h5 42. Ke5 Ng6+ 43. Kxe6 Nxh4 44. Nxh5 Nf3 45. b4 Nd4+ 46. Ke5 Nc2 47. Nf4 Nxa3 48. Kd4 Nc2+ 49. Kc3 Nxb4 50. Kxb4 Kb6 51. Nd5+ Kc6 52. Nc3 Kb6 53. Nxb5 1/2-1/2

[Event "January 9 Late 2024"]
[Site "https://www.chess.com"]
[Date "2024.01.09"]
[Round "7"]
[White "Rose, Felix"]
[Black "Nikologorsky, Matfei"]
[Result "0-1"]
[Board "143"]
[TimeControl "180+1"]
[WhiteFideId "5105722"]
[BlackFideId "24102474"]
[WhiteElo "2249"]
[BlackElo "2452"]
[WhiteTeam "MEX"]
[BlackTeam "FID"]
[WhiteClock "0:00:08"]
[BlackClock "0:00:20"]

1. d4 Nf6 2. Bf4 e6 3. e3 b6 4. Nf3 Bb7 5. Nbd2 g6 6. Bd3 Bg7 7. O-O d6 8. e4 O-O 9. h3 Nbd7 10. c3 Qe7 11. Qe2 e5 12. dxe5 dxe5 13. Bh2 Nh5 14. Ba6 Bxa6 15. Qxa6 Nc5 16. Qc4 Rad8 17. b4 Nd3 18. Rfd1 Nhf4 19. Qb3 Bh6 20. Nc4 Kh8 21. Bxf4 Bxf4 22. g3 Qe6 23. Kg2 Bh6 24. Ncd2 Qe7 25. c4 Rd7 26. a3 Rfd8 27. Nf1 c5 28. b5 f5 29. exf5 gxf5 30. a4 e4 31. Ne1 f4 32. Nxd3 f3+ 33. Kg1 Rxd3 34. Qb2+ Bg7 35. Qc2 Bxa1 36. Rxa1 Qe6 37. Kh2 Kg8 38. a5 Qe5 39. Ra2 Qc3 40. Qxc3 Rxc3 41. axb6 axb6 42. g4 Rxc4 43. Kg3 Rb4 44. Ra7 Rxb5 45. Ne3 Rf8 46. Kh4 c4 47. Re7 c3 48. Rxe4 Rc5 49. Nc2 b5 50. Kg3 Rd8 51. Rb4 Rd2 52. Ne3 c2 53. Nxc2 Rcxc2 54. Kxf3 Rxf2+ 55. Kg3 Rb2 56. Re4 Rfe2 57. Rd4 b4 58. Kf4 b3 59. Kg5 Re6 60. Kf5 Rb6 61. Rd8+ Kf7 62. Rd7+ Kf8 63. Rd8+ Ke7 64. Rh8 Rf2+ 65. Ke4 Rf7 66. Rc8 b2 67. Rc7+ Kf8 68. Rc8+ Kg7 69. Rc1 bxc1=Q 70. g5 Qc4+ 71. Ke5 Re6# 0-1

[Event "January 9 Late 2024"]
[Site "https://www.chess.com"]
[Date "2024.01.09"]
[Round "7"]
[White "Rodriguez Dominguez, Melissa"]
[Black "Sukandar, Irine Kharisma"]
[Result "0-1"]
[Board "144"]
[TimeControl "180+1"]
[WhiteFideId "3517560"]
[BlackFideId "7101937"]
[WhiteElo "2247"]
[BlackElo "2433"]
[WhiteTeam "CUB"]
[BlackTeam "INA"]
[WhiteClock "0:00:05"]
[BlackClock "0:00:34"]

1. e4 c5 2. Nf3 Nc6 3. d4 cxd4 4. Nxd4 g6 5. c4 Nf6 6. Nc3 Nxd4 7. Qxd4 d6 8. f3 Bg7 9. Be3 O-O 10. Qd2 Be6 11. Rc1 a5 12. b3 Nd7 13. Be2 Nc5 14. O-O b6 15. Kh1 Be5 16. Bd4 Bxd4 17. Qxd4 f5 18. exf5 Bxf5 19. f4 Be4 20. Nxe4 Nxe4 21. Qxe4 Rf6 22. Bf3 Rc8 23. Rce1 Rc7 24. Bg4 Qf8 25. Be6+ Kg7 26. f5 Rc5 27. g4 g5 28. Bd5 e5 29. Qe3 h6 30. h4 Qh8 31. Kg2 gxh4 32. Qh3 Rc7 33. Qxh4 Kf8 34. Kf3 Ke8 35. Ke4 Rg7 36. Rg1 Rg5 37. Re2 Qg7 38. Rh2 Qc7 39. Qf2 Qg7 40. Qf3 Rfxf5 41. gxf5 Rxg1 42. Qh5+ Kd8 43. Qh4+ Kc7 44. Rf2 Rg4+ 45. Qxg4 Qxg4+ 46. Ke3 Qd4+ 47. Kf3 Qf4+ 48. Ke2 Qg4+ 49. Ke3 Qg5+ 50. Ke4 Qh4+ 51. Ke3 Qf6 52. Be6 h5 53. Rg2 Qh6+ 54. Ke4 Qf4+ 55. Kd3 Qf3+ 0-1

[Event "January 9 Late 2024"]
[Site "https://www.chess.com"]
[Date "2024.01.09"]
[Round "7"]
[White "Toktomushev, Teimur"]
[Black "Hernandez Jimenez, Alexander Andres"]
[Result "1-0"]
[Board "145"]
[TimeControl "180+1"]
[WhiteFideId "14176726"]
[BlackFideId "3900452"]
[WhiteElo "2430"]
[BlackElo "2242"]
[WhiteTeam "UKR"]
[BlackTeam "VEN"]
[WhiteClock "0:00:18"]
[BlackClock "0:00:15"]

1. d4 Nf6 2. c4 e6 3. Nf3 b6 4. g3 Bb7 5. Bg2 c5 6. dxc5 Bxc5 7. O-O O-O 8. Nc3 Be7 9. Bf4 d5 10. Ne5 Nbd7 11. cxd5 Nxe5 12. Bxe5 Nxd5 13. Qb3 Nxc3 14. Bxb7 Nxe2+ 15. Kg2 Bf6 16. Rfd1 Bxe5 17. Rxd8 Raxd8 18. Qe3 Bxb2 19. Rb1 Nc3 20. Rxb2 Nd1 21. Qe2 Nxb2 22. Qxb2 Rd6 23. Qa3 Rd2 24. Qxa7 Rb2 25. a4 Rd8 26. Bc6 g6 27. Bb5 Rdd2 28. Qxb6 Rxf2+ 29. Qxf2 1-0

[Event "January 9 Late 2024"]
[Site "https://www.chess.com"]
[Date "2024.01.09"]
[Round "7"]
[White "Jose Iraeta, Alejandro"]
[Black "Korkmaz, Necmettin"]
[Result "1-0"]
[Board "146"]
[TimeControl "180+1"]
[WhiteFideId "2226537"]
[BlackFideId "6303285"]
[WhiteElo "2242"]
[BlackElo "2421"]
[WhiteTeam "ESP"]
[BlackTeam "TUR"]
[WhiteClock "0:02:36"]
[BlackClock "0:02:04"]

1. e4 e5 2. Nf3 Nc6 3. Bb5 a6 4. Ba4 Nf6 5. O-O Nxe4 6. d4 b5 7. Bb3 d5 8. dxe5 Be6 9. Nbd2 Bc5 10. Qe2 Nxd2 11. Bxd2 Na5 12. Bxa5 1-0

[Event "January 9 Late 2024"]
[Site "https://www.chess.com"]
[Date "2024.01.09"]
[Round "7"]
[White "Rubio Tent, Francisco"]
[Black "Ferriz Barrios, Andres"]
[Result "0-1"]
[Board "147"]
[TimeControl "180+1"]
[WhiteFideId "2238233"]
[BlackFideId "5104467"]
[WhiteElo "2416"]
[BlackElo "2239"]
[WhiteTeam "ESP"]
[BlackTeam "MEX"]
[WhiteClock "0:00:00"]
[BlackClock "0:00:59"]

1. c4 e5 2. Nc3 c6 3. d4 exd4 4. Qxd4 Qf6 5. Qxf6 Nxf6 6. e4 Bb4 7. f3 d5 8. exd5 cxd5 9. Bd2 d4 10. Nb5 Bxd2+ 11. Kxd2 Kd8 12. Ne2 a6 13. Nbxd4 Nbd7 14. Nc3 Re8 15. Bd3 Ne5 16. Rhe1 Nh5 17. g3 g6 18. b3 Bd7 19. Nd5 Bc6 20. Nxc6+ bxc6 21. Rxe5 Rxe5 22. Nc3 Kc7 23. Ne4 Rae8 24. Kc3 h6 25. b4 f5 26. Nc5 a5 27. a3 Ra8 28. f4 Ree8 29. b5 cxb5 30. cxb5 Rac8 31. Na4 Kd6+ 32. Kd4 Nf6 33. b6 Nd5 34. b7 Rb8 35. Nc5 Red8 36. Rb1 Nc7 37. Bf1 Kc6+ 38. Kc4 Rd2 39. Na4 Rxb7 0-1

[Event "January 9 Late 2024"]
[Site "https://www.chess.com"]
[Date "2024.01.09"]
[Round "7"]
[White "Alvarado, Carlos"]
[Black "Gonzalez Vega, Alejandro"]
[Result "1-0"]
[Board "148"]
[TimeControl "180+1"]
[WhiteFideId "3800555"]
[BlackFideId "3510042"]
[WhiteElo "2413"]
[BlackElo "2233"]
[WhiteTeam "PER"]
[BlackTeam "CUB"]
[WhiteClock "0:00:04"]
[BlackClock "0:00:00"]

1. d4 d5 2. Nf3 Nf6 3. c4 e6 4. Nc3 Bb4 5. Qb3 c5 6. a3 Bxc3+ 7. bxc3 O-O 8. Bg5 dxc4 9. Qxc4 cxd4 10. cxd4 Nbd7 11. e3 Qa5+ 12. Qb4 Qf5 13. Qb1 Qa5+ 14. Qb4 Qf5 15. Rc1 h6 16. Bh4 Nb6 17. Be2 Nbd5 18. Qb3 Ne4 19. O-O b6 20. Bd3 g5 21. Bg3 Bb7 22. Qb1 Ndf6 23. Be5 g4 24. Ne1 Qg5 25. Bxf6 Nxf6 26. Rc7 Bd5 27. Qc2 Rad8 28. g3 h5 29. Ng2 Ba8 30. Nf4 h4 31. Rc1 h3 32. Rxa7 e5 33. dxe5 Qxe5 34. Be2 Qd6 35. Qc7 Qxc7 36. Raxc7 Be4 37. R7c3 Bf5 38. Rb3 Rd2 39. Bf1 Ra8 40. Rxb6 Rxa3 41. Rxf6 Be4 42. Nh5 1-0

[Event "January 9 Late 2024"]
[Site "https://www.chess.com"]
[Date "2024.01.09"]
[Round "7"]
[White "Marchesich, Giovanni"]
[Black "Varela La Madrid, Maria"]
[Result "1/2-1/2"]
[Board "149"]
[TimeControl "180+1"]
[WhiteFideId "2824790"]
[BlackFideId "3903346"]
[WhiteElo "2404"]
[BlackElo "2192"]
[WhiteTeam "ITA"]
[BlackTeam "VEN"]
[WhiteClock "0:00:54"]
[BlackClock "0:00:03"]

1. Nc3 d5 2. d4 Nf6 3. Bf4 c5 4. e4 Nxe4 5. Nxe4 dxe4 6. dxc5 Qa5+ 7. c3 Qxc5 8. Qa4+ Nc6 9. Qxe4 g6 10. O-O-O Bg7 11. Nf3 O-O 12. Qe3 Qxe3+ 13. Bxe3 Be6 14. Kb1 Rfd8 15. Bb5 Bd5 16. Be2 e5 17. Rhg1 f5 18. Nd2 b6 19. Bc4 Bf7 20. Bxf7+ Kxf7 21. Nc4 Ke6 22. Bg5 Bf6 23. Bxf6 Kxf6 24. Kc2 e4 25. a4 Ne5 26. Nxe5 Kxe5 27. Rge1 f4 28. b4 g5 29. Kb3 Rac8 30. c4 Rxd1 31. Rxd1 e3 32. fxe3 fxe3 33. Kc3 Ke4 34. Re1 Rd8 35. c5 bxc5 36. bxc5 Rd3+ 37. Kc4 Rd4+ 38. Kb5 Kd3 39. c6 Rd8 40. c7 Rc8 41. Kc6 Kd2 42. Ra1 e2 43. Ra2+ Kd1 44. Ra1+ Kd2 45. Kb7 Rxc7+ 46. Kxc7 e1=Q 47. Rxe1 Kxe1 48. a5 Kf2 49. a6 Kxg2 50. Kb7 Kxh2 51. Kxa7 g4 52. Kb7 g3 53. a7 g2 54. a8=Q g1=Q 55. Qh8 Qg2+ 56. Kb6 Qg6+ 57. Kc5 Qf5+ 58. Kd4 h5 59. Qb8+ Kh3 60. Qb3+ Kg4 61. Qd1+ Qf3 62. Qg1+ Qg3 63. Qd1+ Qf3 64. Qg1+ Kf5 65. Qb1+ Kg5 66. Qb5+ Qf5 67. Qe2 Qf4+ 68. Kd3 h4 69. Qe7+ Kg4 70. Qg7+ Kh3 71. Ke2 Qh2+ 72. Kf1 Qh1+ 73. Kf2 Qh2+ 74. Kf1 Qf4+ 75. Ke2 Qe4+ 76. Kf1 Qf3+ 77. Kg1 Qg3+ 78. Kh1 Qxg7 1/2-1/2

[Event "January 9 Late 2024"]
[Site "https://www.chess.com"]
[Date "2024.01.09"]
[Round "7"]
[White "Glashausser, Sho"]
[Black "Poddubnyi, Viktor"]
[Result "1-0"]
[Board "150"]
[TimeControl "180+1"]
[WhiteFideId "30908329"]
[BlackFideId "4141989"]
[WhiteElo "2188"]
[BlackElo "2401"]
[WhiteTeam "USA"]
[BlackTeam "RUS"]
[WhiteClock "0:00:08"]
[BlackClock "0:00:04"]

1. Nf3 g6 2. d4 Bg7 3. e4 d6 4. c3 Nf6 5. Bd3 O-O 6. O-O Nc6 7. Re1 e5 8. h3 h6 9. Be3 Qe7 10. d5 Nb8 11. c4 Nbd7 12. Nc3 Nh5 13. Nd2 Nf4 14. Bf1 g5 15. b4 Nf6 16. c5 h5 17. cxd6 cxd6 18. Rc1 Bd7 19. Nb5 Bxb5 20. Bxb5 Nxg2 21. Kxg2 g4 22. Bg5 gxh3+ 23. Kxh3 a6 24. Rg1 axb5 25. Rc7 Qd8 26. Qf3 Kh8 27. Bxf6 Qxf6 28. Qxh5+ Kg8 29. Nf3 Rxa2 30. Ng5 Ra3+ 31. f3 Rfa8 32. Rxf7 Qh6 33. Qxh6 Bxh6 34. Rxb7 Bxg5 35. Rxg5+ Kf8 36. Kg4 R3a7 37. Rxa7 Rxa7 38. Rg6 Ra6 39. Kf5 Ke7 40. Rg7+ Kd8 41. Rb7 Ra3 42. Rxb5 Rxf3+ 43. Ke6 Re3 44. Kxd6 Kc8 45. Kxe5 Rc3 46. Rc5+ Rxc5 47. bxc5 Kd7 48. Kd4 Ke7 49. e5 Kf7 50. c6 Kg6 51. Kc5 Kf5 52. c7 Ke4 53. c8=Q Kd3 54. Qg4 1-0

[Event "January 9 Late 2024"]
[Site "https://www.chess.com"]
[Date "2024.01.09"]
[Round "7"]
[White "Figorito, Nick"]
[Black "Sanchez Alvares, Kelvin Antonio"]
[Result "1-0"]
[Board "151"]
[TimeControl "180+1"]
[WhiteFideId "30923689"]
[BlackFideId "3906680"]
[WhiteElo "2399"]
[BlackElo "2349"]
[WhiteTeam "USA"]
[BlackTeam "VEN"]
[WhiteClock "0:00:26"]
[BlackClock "0:00:00"]

1. Nf3 d5 2. g3 Nf6 3. Bg2 c6 4. O-O Bf5 5. d3 e6 6. Bg5 Be7 7. Nc3 h6 8. Bxf6 Bxf6 9. e4 dxe4 10. dxe4 Bh7 11. Qxd8+ Bxd8 12. Rad1 Bb6 13. Nd4 Nd7 14. Nde2 Ne5 15. b3 Ke7 16. Na4 Bc7 17. Nc5 b6 18. Nd3 Rhd8 19. Nxe5 Bxe5 20. f4 Bd6 21. Bf3 Bc5+ 22. Kg2 a5 23. Nc3 Bb4 24. Ne2 a4 25. c3 Bd6 26. b4 c5 27. e5 Rac8 28. exd6+ Rxd6 29. Rxd6 Kxd6 30. Rd1+ Ke7 31. Rd2 cxb4 32. cxb4 Rc4 33. Nd4 Bb1 34. Nc6+ Kf6 35. a3 Be4 36. Ne5 Bxf3+ 37. Kxf3 Rc3+ 38. Rd3 Rc4 39. Nd7+ 1-0

[Event "January 9 Late 2024"]
[Site "https://www.chess.com"]
[Date "2024.01.09"]
[Round "7"]
[White "Rees, Ioan"]
[Black "Harrington, Steve"]
[Result "1-0"]
[Board "153"]
[TimeControl "180+1"]
[WhiteFideId "1801236"]
[BlackFideId "2038730"]
[WhiteElo "2387"]
[BlackElo "2149"]
[WhiteTeam "WLS"]
[BlackTeam "USA"]
[WhiteClock "0:00:57"]
[BlackClock "0:00:06"]

1. Nf3 Nc6 2. e4 d5 3. exd5 Qxd5 4. Nc3 Qd6 5. d4 Bg4 6. Bb5 e6 7. h3 Bxf3 8. Qxf3 Nf6 9. Bf4 Qd7 10. O-O-O O-O-O 11. a3 Nd5 12. Nxd5 Qxd5 13. Qxd5 exd5 14. c3 Bd6 15. Be3 a6 16. Bd3 g6 17. h4 h5 18. Rde1 Rde8 19. Kc2 Kd7 20. b4 b5 21. Bg5 Be7 22. Bd2 Bd6 23. a4 Na7 24. axb5 Nxb5 25. Rxe8 Rxe8 26. Ra1 c6 27. Rxa6 Nc7 28. Ra7 Kc8 29. Ra1 Kb7 30. Re1 Ne6 31. g3 Ra8 32. Kb3 Kc7 33. Bxg6 Nxd4+ 34. cxd4 fxg6 35. Re6 Rb8 36. Rxg6 Rf8 37. Be3 Kb6 38. Rxd6 Ra8 39. Rh6 Ra1 40. Rxh5 Rb1+ 41. Kc3 Rc1+ 42. Bxc1 1-0